 Dungeon Crawl Stone Soup version 0.18-a0-49-gd105b5a (webtiles) character file.

6104 ReteAZ the Grappler (level 10, -2/102 HPs)
             Began as a Troll Monk on Nov 7, 2015.
             Slain by a deep elf knight
             ... wielding a +0 scimitar
              (23 damage)
             ... on level 9 of the Dungeon.
             The game lasted 00:18:38 (6767 turns).

ReteAZ the Grappler (Troll Monk)                    Turns: 6767, Time: 00:18:38

Health: -2/102     AC:  5    Str: 22    XL:     10   Next: 58%
Magic:  9/9        EV: 13    Int:  6    God:
Gold:   532        SH:  0    Dex: 14    Spells: 0 memorised, 9 levels left

rFire  . . .     SeeInvis .       - Unarmed
rCold  . . .     Clarity  .     a - +0 robe
rNeg   . . .     SustAt   .     (no shield)
rPois  .         Gourm    +     (helmet restricted)
rElec  .         Spirit   .     (no cloak)
rCorr  .         Warding  .     (gloves unavailable)
rMut   .         Stasis   .     (boots unavailable)
MR     .....                    (no amulet)
Stlth  ++........               (no ring)
                                (no ring)

@: not resistant to hostile enchantments, unstealthy
A: unfitting armour, claws 3, fast metabolism 3, gourmand, regeneration 2,
shaggy fur 1, tough skin 2
a: no special abilities


You were on level 9 of the Dungeon.
You were completely stuffed.

You visited 2 branches of the dungeon, and saw 10 of its levels.
You also visited: Sewer.

You collected 532 gold pieces.

Inventory:

Hand Weapons
 l - a +0 blowgun
 C - a +0 dagger of venom
Missiles
 y - 47 poisoned needles
 D - a throwing net (quivered)
Armour
 a - a +0 robe (worn)
 x - a cursed +0 animal skin
 z - a +0 shield
Wands
 p - a wand of frost (22)
 v - a wand of magic darts (26)
Scrolls
 d - a scroll of immolation {unknown}
 e - 4 scrolls of teleportation
 f - 8 scrolls of identify
 h - a scroll of summoning {unknown}
 k - a scroll of blinking
 m - 5 scrolls of remove curse
 o - 3 scrolls of fear
 q - 2 scrolls of magic mapping
 u - a scroll of amnesia {unknown}
 A - a scroll of vulnerability {unknown}
Potions
 j - 2 potions of heal wounds
 n - 4 potions of curing
 r - 5 potions of flight
 t - a potion of haste {unknown}
 w - a potion of cure mutation
 E - a potion of invisibility
Comestibles
 b - 8 bread rations {@e1}
 c - a slice of pizza
 g - a royal jelly
 i - 4 meat rations {@e2}
 s - a beef jerky
 B - 25 fruits


   Skills:
 - Level 7.0 Fighting
 - Level 7.0 Dodging
 - Level 1.1 Stealth
 + Level 12.1 Unarmed Combat


You had 9 spell levels left.
You didn't know any spells.

Dungeon Overview and Level Annotations

Branches:
Dungeon (9/15)             Temple (1/1) D:7
   Lair: D:8-11         Orc: D:9-12

Altars:
Ashenzari
Cheibriados
Dithmenos
Elyvilon
Fedhas
Gozag
Kikubaaqudgha
Makhleb
Nemelex Xobeh
Okawaru
Qazlal
Ru
Sif Muna
Trog
Vehumet
Xom
Yredelemnul
Zin
The Shining One

Shops:
D:4 [   D:8 [


Innate Abilities, Weirdness & Mutations

You are too large for most types of armour.
You have claws for hands.
Your metabolism is lightning-fast.
You like to eat raw meat.
You heal very quickly.
You are covered in fur (AC +1).
You have very tough skin (AC +2).


Message History

The mystic blast hits the fungus. x2
You closely miss the deep elf knight. Your claw misses the deep elf knight.
The deep elf knight is heavily wounded.
The deep elf knight barely misses you.
You claw the deep elf knight!
The deep elf knight is severely wounded.
The deep elf knight misses you.
You closely miss the deep elf knight.
The deep elf knight is severely wounded.
The deep elf knight casts a spell at you.
The stone arrow hits you!
The deep elf knight hits you with a scimitar!
* * * LOW HITPOINT WARNING * * *
The deep elf knight's shroud bends your attack away!
The deep elf knight hits you with a scimitar!!
* * * LOW HITPOINT WARNING * * *
Drink which item? (? for menu, Esc to quit)
You feel much better.
The deep elf knight hits you with a scimitar!!
You die...

#........ ## #...#...#
###..P.P.. ....#...# ##...P.P..
........### #........
..........###....P.P
...........$....P.P####
........##.....P...'.. P.P...
.......###.#...PP.P# .....#
.(............rP@P.####PP...#
.......####....eP)PP........#
.#.....####.#....P.P..P....#
.#..#r......#.......PPP..).#
.##T.r.............PPP.P.P#
.##(........#..(........#######
..)÷....###.#...÷##÷#..####...##
.###<...#
#.......÷...÷..#.....##
..#.....#
######......#.).....(.#


You could see a deep elf knight and a rat.

Vanquished Creatures
  Pikel (D:4)
  A troll (D:9)
  Sigmund (D:4)
  A deep elf fighter (D:9)
  6 humans (D:6)
  4 yaks (D:9)
  A wyvern (D:8)
  Eustachio (D:4)
  A water moccasin (D:8)
  Blork the orc (D:4)
  An ice beast (D:7)
  A slave (D:4)
  An orc warrior (D:6)
  A phantom (D:4)
  2 sky beasts
  4 ogres
  A necrophage (D:9)
  A centaur (D:6)
  A crocodile (D:9)
  3 giant frogs
  3 big kobolds
  A scorpion (D:7)
  3 wights (D:7)
  A jelly (D:6)
  8 killer bees
  3 crimson imps
  A giant frog skeleton (D:5)
  A quasit (D:6)
  2 giant frog zombies
  2 orc priests
  Ijyb (D:3)
  A gnoll shaman (D:7)
  6 orc wizards
  A hound (D:8)
  Natasha (twice) (D:3)
  A killer bee zombie (D:8)
  4 worker ants
  4 hound skeletons
  2 hound zombies
  6 gnolls
  4 river rats
  12 adders
  3 shadow imps
  4 oozes
  An adder skeleton (D:7)
  5 giant geckos
  18 orcs
  17 bats
  4 giant cockroaches
  4 goblins
  4 hobgoblins
  13 jackals
  25 kobolds
  3 quokkas
  2 ball pythons
  7 giant newts
  A quokka skeleton (D:5)
  A quokka zombie (D:5)
  18 rats
233 creatures vanquished.

Vanquished Creatures (others)
  A slave (D:4)
  A fungus (D:9)
2 creatures vanquished.

Grand Total: 235 creatures vanquished

Notes
Turn   | Place    | Note
--------------------------------------------------------------
     0 | D:1      | ReteAZ the Troll Monk began the quest for the Orb.
     0 | D:1      | Reached XP level 1. HP: 22/22 MP: 0/0
   133 | D:1      | Reached XP level 2. HP: 29/29 MP: 1/1
   493 | D:2      | Reached skill level 5 in Unarmed Combat
   496 | D:2      | Reached XP level 3. HP: 27/36 MP: 2/2
   716 | D:2      | Reached XP level 4. HP: 39/44 MP: 3/3
  1050 | D:3      | Found a white marble altar of Elyvilon.
  1053 | D:3      | Found a sacrificial altar of Ru.
  1118 | D:3      | Noticed Ijyb
  1127 | D:3      | Killed Ijyb
  1127 | D:3      | Reached skill level 6 in Unarmed Combat
  1138 | D:3      | Reached XP level 5. HP: 37/50 MP: 4/4
  1315 | D:3      | Noticed Natasha
  1319 | D:3      | Killed Natasha
  1504 | D:3      | Noticed Natasha
  1512 | D:3      | Killed Natasha
  1657 | D:4      | Noticed a phantom
  1665 | D:4      | Reached skill level 7 in Unarmed Combat
  1685 | D:4      | Killed a phantom
  1685 | D:4      | Reached XP level 6. HP: 21/59 MP: 5/5
  1784 | D:4      | Found an opulent altar of Gozag.
  1874 | D:4      | Noticed Pikel
  1904 | D:4      | Killed Pikel
  1904 | D:4      | Reached skill level 9 in Unarmed Combat
  1904 | D:4      | Reached XP level 7. HP: 38/66 MP: 6/6
  2047 | D:4      | Noticed Eustachio
  2075 | D:4      | Noticed Sigmund
  2086 | D:4      | Killed Sigmund
  2086 | D:4      | Reached skill level 10 in Unarmed Combat
  2139 | D:4      | Found Vuiz's Armour Shop.
  2139 | D:4      | Noticed Blork the orc
  2144 | D:4      | Killed Blork the orc
  2144 | D:4      | Reached XP level 8. HP: 74/74 MP: 7/7
  2325 | D:4      | Killed Eustachio
  2336 | D:4      | Found a stormy altar of Qazlal.
  2375 | D:5      | Entered Level 5 of the Dungeon
  2707 | D:5      | Found a shadowy altar of Dithmenos.
  2879 | D:5      | Found a glowing silver altar of Zin.
  3097 | D:6      | Found a glowing drain.
  3112 | Sewer    | Entered a sewer
  3250 | Sewer    | Found a white marble altar of Elyvilon.
  3393 | D:6      | Found a sparkling altar of Nemelex Xobeh.
  3456 | D:6      | Reached skill level 5 in Fighting
  3456 | D:6      | Reached skill level 5 in Dodging
  3456 | D:6      | Reached XP level 9. HP: 85/88 MP: 8/8
  3663 | D:6      | Found a blossoming altar of Fedhas.
  3992 | D:6      | Gained mutation: Your body sometimes deteriorates upon taking damage. [mutagenic meat]
  4215 | D:7      | Lost mutation: Your body sometimes deteriorates upon taking damage. [potion of cure mutation]
  4574 | D:7      | Found a staircase to the Ecumenical Temple.
  4598 | Temple   | Entered the Ecumenical Temple
  5360 | D:8      | Found Otegy's Antique Armour Shop.
  5392 | D:8      | Found a snail-covered altar of Cheibriados.
  5475 | D:8      | Reached XP level 10. HP: 94/102 MP: 9/9
  6363 | D:9      | Reached skill level 11 in Unarmed Combat
  6555 | D:9      | Reached skill level 12 in Unarmed Combat
  6754 | D:9      | Noticed a deep elf knight
  6767 | D:9      | Slain by a deep elf knight

Vault maps used:
D:1:      ncdulo_watergridlock
D:3:      grunt_temple_overflow_open, uniq_natasha, uniq_iyjb
D:4:      kennysheep_little_box, serial_shops, shop,
          nicolae_gozag_cash_rules_everything_around_me, uniq_eustachio,
          uniq_sigmund, uniq_pikel, uniq_blork_the_orc
D:5:      marbit_many_paths, first_bread, grunt_decor_one_mirror,
          grunt_dithmenos_shadows
D:6:      fedhas_altar_fruit_tree, nemelex_xobeh_ov_fountains_minmay,
          gup_sewer_entry_pipe, minmay_ruffians
D:7:      minmay_temple_entry_overgrown, serial_glass, glass_columns_a,
          glass_columns_b
D:8:      overflow_temple_1_default, serial_shops, shop, blue_anna_alchemist,
          st_stairs_13
D:9:      grunt_lair_entry_elf_guard_hut, orc_0_dummy
Temple:   triangle_lava_temple_12
Sewer:    sewer_kobolds

Action                   |  1- 3 |  4- 6 |  7- 9 | 10-12 || total
-------------------------+-------+-------+-------+-------++-------
Melee: Unarmed           |   102 |   133 |   321 |   159 ||   715
Throw: Throwing net      |       |       |       |     1 ||     1
  Use: Scroll            |       |       |     8 |       ||     8
       Potion            |       |       |    11 |     2 ||    13
 Stab: Sleeping          |     2 |       |     3 |       ||     5
       Distracted        |       |       |     1 |       ||     1
  Eat: Chunk             |    12 |    10 |    28 |    19 ||    69
